 Dungeon Crawl Stone Soup version 0.30.1-11-g7821555f0a (webtiles) character file.

Game seed: 12410643305767170866

2774 Peloso the Carver (level 9, 0/81 HPs)
             Began as a Minotaur Fighter on Nov 12, 2023.
             Killed from afar by a steam dragon (14 damage)
             ... with a ball of steam
             ... on level 6 of the Dungeon.
             The game lasted 00:12:44 (6537 turns).

Peloso the Carver (Minotaur Fighter)                Turns: 6537, Time: 00:12:45

Health: 0/81       AC: 16    Str: 22    XL:     9   Next: 42%
Magic:  8/8        EV:  6    Int:  5    God:
Gold:   188        SH: 10    Dex: 13    Spells: 8/8 levels left

rFire   . . .        a - +0 long sword
rCold   + . .        d - +0 kite shield
rNeg    . . .        x - +0 plate armour
rPois   .            (helmet restricted)
rElec   .            (no cloak)
rCorr   .            m - +0 pair of gloves
SInv    .            n - +0 pair of boots
Will    .....        j - amulet of the acrobat Stlth
                     f - ring of protection from cold
HPRegen 0.33/turn    (no ring)
MPRegen 0.11/turn

%: acrobat
@: weakened
A: horns 2, retaliatory headbutt
a: no special abilities


You were on level 6 of the Dungeon.
You visited 2 branches of the dungeon, and saw 8 of its levels.

You collected 311 gold pieces.
You spent 123 gold pieces at shops.

Inventory:

Hand Weapons
 a - a +0 long sword (weapon)
 c - a +2 short sword of electrocution
Missiles
 C - 2 throwing nets (quivered)
Armour
 b - a +0 scale mail
 d - a +0 kite shield (worn)
 m - a +0 pair of gloves (worn)
 n - a +0 pair of boots (worn)
 x - a +0 plate armour (worn)
Jewellery
 f - a ring of protection from cold (left hand)
 j - an amulet of the acrobat (around neck)
Wands
 y - a wand of roots (12)
Scrolls
 e - 2 scrolls of immolation {unknown}
 h - 4 scrolls of blinking {unknown}
 i - 6 scrolls of identify
 k - a scroll of silence
 l - a scroll of butterflies {unknown}
 q - 2 scrolls of poison {unknown}
 r - 2 scrolls of teleportation {unknown}
 s - 3 scrolls of magic mapping
 v - 2 scrolls of fog {unknown}
 w - 3 scrolls of amnesia {unknown}
Potions
 g - a potion of might
 p - 3 potions of curing
 t - a potion of lignification
 u - a potion of resistance
 z - 2 potions of ambrosia
 A - a potion of flight
 B - a potion of magic


   Skills:
 + Level 7.8 Fighting
 + Level 10.4 Long Blades
 + Level 7.6 Armour
 + Level 2.5 Dodging
 + Level 0.5 Stealth
 + Level 7.0 Shields


You had 8 spell levels left.
You didn't know any spells.
Your spell library contained the following spells:

 Spells                   Type           Power      Damage    Failure   Level
 Necrotise                Necr           0%         1d4       100%        1
 Summon Small Mammal      Summ           0%         N/A       100%        1
 Static Discharge         Conj/Air       0%         2-2/arc   100%        2
 Call Canine Familiar     Summ           0%         N/A       100%        3
 Summon Guardian Golem    Hex/Summ       0%         N/A       100%        3
 Vampiric Draining        Necr           0%         2d6       100%        3
 Airstrike                Air            0%         2d(0-16)  100%        4
 Summon Lightning Spire   Summ/Air       0%         N/A       100%        4
 Agony                    Necr           0%         N/A       100%        5


Dungeon Overview and Level Annotations

Branches:
Dungeon (7/15)             Temple (1/1) D:6

Altars:
Ashenzari
Dithmenos
Elyvilon
Fedhas
Gozag
Kikubaaqudgha
Makhleb
Nemelex Xobeh
Qazlal
Ru
Sif Muna
Trog
Uskayaw
Vehumet
Wu Jian
Xom
Yredelemnul
The Shining One

Shops:
D:3 *

Annotations:
D:3 2 runed translucent doors, LaMa's ghost, weakling DEFE


Innate Abilities, Weirdness & Mutations

You have a pair of horns on your head.
You reflexively headbutt those who attack you in melee.


Message History

The steam dragon is heavily wounded.
The gnoll bouda hits you with a +0 club!
* * * LOW HITPOINT WARNING * * *
The steam dragon closely misses you.
The steam dragon claws you but does no damage.
Unknown command.
You feel much better. The gnoll bouda barely misses you.
The steam dragon bites you but does no damage.
The steam dragon claws you but does no damage.
You closely miss the steam dragon. You headbutt the steam dragon.
The steam dragon is heavily wounded.
You block the gnoll bouda's attack. The steam dragon breathes steam at you.
The ball of steam hits you!
Unknown command.
You completely miss the steam dragon.
The steam dragon is heavily wounded.
The gnoll bouda is engulfed in a cloud of scalding steam.
The gnoll bouda gazes fiercely through you!
You feel as though you will be weak longer.
You block the gnoll bouda's attack. You block the steam dragon's attack. x2
Unknown command.
You hit the gnoll bouda but do no damage.
The gnoll bouda is almost dead.
The gnoll bouda is engulfed in a cloud of scalding steam.
You block the gnoll bouda's attack. The steam dragon bites you!
* * * LOW HITPOINT WARNING * * *
The steam dragon claws you.
* * * LOW HITPOINT WARNING * * *
You hit the gnoll bouda but do no damage.
Your headbutt misses the gnoll bouda.
The gnoll bouda is almost dead.
The gnoll bouda is engulfed in a cloud of scalding steam.
The gnoll bouda gazes fiercely through you!
You feel as though you will be weak longer.
The gnoll bouda hits you with a +0 club.
* * * LOW HITPOINT WARNING * * *
The steam dragon breathes steam at you. The ball of steam hits you!
You die...

########### ###
#.........## #.##
#####..........## #..##
###...............#
##..#
....##..........§§#
###..###
######.........§§.#
###......##
#..........§§§#
###....####..
#.........§§@g###....###
##.
##.........[D§#....###
## #........§......###
##......#....####
########..### #.## #####
##.# #)..###..#######
#.>............#


You could see a steam dragon (catching breath) and a gnoll bouda.

Vanquished Creatures
  Prince Ribbit (D:5)
  A wyvern (D:7)
  Edmund (D:5)
  A water moccasin (D:5)
  2 ice beasts
  An orc warrior (D:5)
  2 ogres
  3 centaurs
  2 phantoms
  A kobold brigand (D:7)
  6 scorpions
  3 killer bees (D:4)
  A gnoll bouda (D:6)
  4 hounds
  3 jellies
  An orc priest (D:7)
  Ijyb (D:3)
  2 sleepcaps
  2 iguanas
  5 orc wizards
  9 gnolls (D:6)
  8 adders
  A shadow imp (D:5)
  3 white imps
  An ufetubus (D:4)
  4 dart slugs
  2 worms
  12 orcs
  6 ball pythons
  3 endoplasms
  4 giant cockroaches
  11 goblins
  9 hobgoblins
  2 jackals (D:2)
  A quokka (D:4)
  5 bats
  3 frilled lizards
  9 kobolds
  13 rats
149 creatures vanquished.

Vanquished Creatures (others)
  A human (D:4)
  An orc (D:7)
2 creatures vanquished.

Grand Total: 151 creatures vanquished

Notes
Turn   | Place    | Note
-------+----------+-------------------------------------------
     0 | D:1      | Peloso the Minotaur Fighter began the quest for the Orb.
     0 | D:1      | Reached XP level 1. HP: 19/19 MP: 0/0
   252 | D:1      | Reached XP level 2. HP: 27/27 MP: 1/1
   341 | D:1      | Found a faded altar of an unknown god.
   663 | D:1      | Reached XP level 3. HP: 33/33 MP: 2/2
   756 | D:1      | Reached skill level 3 in Long Blades
  1125 | D:2      | Reached XP level 4. HP: 39/41 MP: 3/3
  1383 | D:3      | Found a large runed translucent door.
  1383 | D:3      | Found a large runed translucent door.
  1384 | D:3      | Noticed LaMa's ghost (weakling DEFE)
  1737 | D:3      | Found Panow's General Store.
  1746 | D:3      | Bought a scroll of magic mapping for 97 gold pieces
  1746 | D:3      | Bought a scroll of identify for 26 gold pieces
  1812 | D:3      | Noticed Ijyb
  1853 | D:3      | Killed Ijyb
  1854 | D:3      | Reached skill level 4 in Long Blades
  1964 | D:3      | Reached XP level 5. HP: 39/47 MP: 4/4
  2196 | D:3      | Found a sparkling altar of Nemelex Xobeh.
  2321 | D:4      | Reached skill level 1 in Dodging
  2372 | D:4      | Found an ancient bone altar of Kikubaaqudgha.
  2373 | D:4      | Noticed a human
  2383 | D:4      | Killed a human
  2414 | D:4      | Noticed a phantom
  2434 | D:4      | Killed a phantom
  2435 | D:4      | Reached skill level 5 in Long Blades
  2435 | D:4      | Reached skill level 5 in Armour
  2435 | D:4      | Reached XP level 6. HP: 55/55 MP: 5/5
  3009 | D:5      | Entered Level 5 of the Dungeon
  3037 | D:5      | Reached skill level 5 in Fighting
  3267 | D:5      | Reached skill level 6 in Long Blades
  3267 | D:5      | Reached XP level 7. HP: 58/61 MP: 6/6
  3286 | D:5      | Reached skill level 5 in Shields
  3520 | D:5      | Noticed Prince Ribbit
  3552 | D:5      | Killed Prince Ribbit
  3553 | D:5      | Reached skill level 7 in Long Blades
  3716 | D:5      | Noticed Edmund
  3738 | D:5      | Killed Edmund
  3739 | D:5      | Reached XP level 8. HP: 56/70 MP: 7/7
  3899 | D:5      | Reached skill level 8 in Long Blades
  4411 | D:6      | Reached skill level 9 in Long Blades
  4481 | D:6      | Found a staircase to the Ecumenical Temple.
  4608 | Temple   | Entered the Ecumenical Temple
  5188 | D:6      | Reached XP level 9. HP: 79/79 MP: 8/8
  5913 | D:4      | Found a shadowy altar of Dithmenos.
  6216 | D:7      | Reached skill level 10 in Long Blades
  6495 | D:7      | Noticed a gargoyle
  6495 | D:7      | Noticed a troll
  6537 | D:6      | Killed from afar by a steam dragon

Illustrated notes

Levels and vault maps discovered:
D:1:      heliophobic_arrival_dark_side_of_the_moon, layout_loops_ring,
          basic_ecumenical_altar
D:2:      layout_basic
D:3:      layout_basic, nemelex_dance_club_becter, ebering_ghost_disaster_area,
          serial_shops, nicolae_shop_waterfront, uniq_ijyb
D:4:      layout_loops_ring, tgw_kikubaaqudgha, lemuel_coloured_pillars_altar
D:5:      layout_loops_ring, kennysheep_generic_room_6, uniq_prince_ribbit1,
          uniq_edmund
D:6:      layout_cave_pods, minmay_temple_entry_offerings
D:7:      nzn_winding_woodlands_stair_cross
          [nzn_winding_woodlands_5x15_river_crossing,
          nzn_winding_woodlands_center_garden,
          nzn_winding_woodlands_5x15_parted,
          nzn_winding_woodlands_5x5_open_star,
          nzn_winding_woodlands_5x5_perimeter,
          nzn_winding_woodlands_5x15_split_checker,
          nzn_winding_woodlands_center_diamonds,
          nzn_winding_woodlands_5x15_cabin], layout_loops_ring,
          mainiacjoe_overflow_tiny_flanked, ebering_ghost_gozag,
          roderic_serpentine_path, uniq_joseph, uniq_pikel, uniq_maggie
Temple:   nicolae_temple_superstar

Skill      XL: |  1  2  3  4  5  6  7  8  9 |
---------------+----------------------------+-----
Shields        | 4 5 6 7 |  7.0
Fighting       | 4 5 7 |  7.8
Long Blades    | 3 4 5 6 7 9 10 | 10.4
Armour         | 4 5 6 7 |  7.6
Dodging        | 1 2 |  2.5
Stealth        | |  0.5

Action                     |  1- 3 |  4- 6 |  7- 9 || total
---------------------------+-------+-------+-------++-------
  Melee: Long sword        |    96 |   134 |   350 ||   580
         Headbutt          |     8 |    22 |    70 ||   100
    Use: Potion            |     1 |     1 |     3 ||     5
         Scroll            |       |     2 |     5 ||     7
 Armour: Scale mail        |    42 |    30 |       ||    72
         Chain mail        |       |    43 |     5 ||    48
         Plate armour      |       |       |   161 ||   161
  Dodge: Dodged            |    62 |    65 |    91 ||   218
  Block: Buckler           |    22 |    26 |       ||    48
         Kite shield       |       |    22 |   170 ||   192
